 Dungeon Crawl Stone Soup version 0.29.0-11-gd7f09526c8 (webtiles) character file.

Game seed: 8151676669233313816

4092 Strat the Grappler (level 10, -2/86 HPs)
             Began as a Ghoul Enchanter on Sept 4, 2022.
             Was a Believer of Makhleb.
             Slain by a seven-headed hydra (8 damage)
             ... on level 8 of the Dungeon.
             The game lasted 00:17:42 (10537 turns).

Strat the Grappler (Ghoul Enchanter)               Turns: 10537, Time: 00:17:44

Health: -2/86      AC: 14    Str: 23    XL:     10   Next: 26%
Magic:  12/12      EV:  8    Int: 10    God:    Makhleb [**....]
Gold:   560        SH:  0    Dex:  9    Spells: 10/12 levels left

rFire   . . .      SeeInvis +     - Unarmed
rCold   + . .      Faith    .   (no shield)
rNeg    + + +      Spirit   .   w - +0 chain mail
rPois   ∞          Reflect  .   d - +0 helmet {SInv}
rElec   .          Harm     .   (no cloak)
rCorr   .          Rampage  .   (no gloves)
Will    .....                   m - +2 pair of boots
Stlth   ..........              (no amulet)
HPRegen 0.00/turn               o - +6 ring of strength
MPRegen 0.13/turn               (no ring)

@: inhibited regen
A: claws 1, cold resistance 1, negative energy resistance 3, inhibited
regeneration, torment resistance 2, devour on kill
a: Renounce Religion, Minor Destruction


You were on level 8 of the Dungeon.
You worshipped Makhleb.
Makhleb was pleased with you.
You visited 1 branch of the dungeon, and saw 8 of its levels.

You collected 560 gold pieces.

Inventory:

Missiles
 v - 6 poisoned darts (quivered)
Armour
 d - a +0 helmet of see invisible (worn)
 e - a +0 ring mail
 j - +0 acid dragon scales
 m - a +2 pair of boots (worn)
 w - a +0 chain mail (worn)
Jewellery
 b - a ring of ice
 o - a +6 ring of strength (left claw)
 q - a ring of ice
 r - a ring of ice
Wands
 x - a wand of light (4)
 z - a wand of flame (28)
Scrolls
 a - 2 scrolls of magic mapping
 t - a scroll of poison
 y - 2 scrolls of identify
Potions
 c - 3 potions of might {unknown}
 f - 2 potions of curing
 g - 3 potions of mutation
 h - 2 potions of brilliance
 k - a potion of haste {unknown}
 n - 2 potions of degeneration
 p - 2 potions of lignification {unknown}
 s - 2 potions of magic {unknown}
 u - a potion of attraction {unknown}


   Skills:
 + Level 7.4 Fighting
 - Level 0.8 Short Blades
 - Level 5.0 Armour
 - Level 1.7 Dodging
 - Level 3.2 Stealth
 + Level 11.3 Unarmed Combat
 - Level 1.7 Spellcasting
 - Level 2.4 Hexes
 + Level 5.2 Invocations


You had 10 spell levels left.
You knew the following spells:

 Your Spells              Type           Power      Damage    Failure   Level
a - Ensorcelled Hibernat  Hex/Ice        6%         N/A       91%         2

Your spell library contained the following spells:

 Spells                   Type           Power      Damage    Failure   Level
 Confusing Touch          Hex            5%         N/A       95%         3
 Tukima's Dance           Hex            5%         N/A       95%         3
 Dazzling Flash           Conj/Hex       6%         N/A       99%         3
 Anguish                  Hex/Necr       1%         N/A       100%        4
 Enfeeble                 Hex            2%         N/A       100%        7
 Summon Hydra             Summ           0%         N/A       100%        7
 Sublimation of Blood     Necr           Unusable   N/A       N/A         2
 Wereblood                Tmut           Unusable   N/A       N/A         2

Dungeon Overview and Level Annotations

Branches:
Dungeon (8/15)             Temple (0/1) D:5
   Lair: D:8-11

Altars:
Gozag
Makhleb
Vehumet
Wu Jian
Xom
Yredelemnul

Shops:
D:5 [   D:6 (   D:7 :


Innate Abilities, Weirdness & Mutations

You are immune to poison.
You have sharp fingernails.
Your flesh is cold resistant. (rC+)
You are immune to negative energy. (rN+++)
You do not regenerate when monsters are visible.
You are immune to unholy pain and torment.
You thrive by killing the living.


Message History

The seven-headed hydra barely misses you. x2
The seven-headed hydra bites you!
* * * LOW HITPOINT WARNING * * *
The seven-headed hydra bites you!
* * * LOW HITPOINT WARNING * * *
The seven-headed hydra bites you.
* * * LOW HITPOINT WARNING * * *
You feel much better.
The seven-headed hydra closely misses you.
The seven-headed hydra bites you but does no damage. x2
The seven-headed hydra bites you!
* * * LOW HITPOINT WARNING * * *
The seven-headed hydra barely misses you.
The seven-headed hydra bites you.
* * * LOW HITPOINT WARNING * * *
The seven-headed hydra bites you but does no damage.
You mangle the seven-headed hydra!!
The seven-headed hydra is severely wounded.
The seven-headed hydra bites you.
* * * LOW HITPOINT WARNING * * *
The seven-headed hydra closely misses you.
The seven-headed hydra bites you!
* * * LOW HITPOINT WARNING * * *
The seven-headed hydra bites you.
* * * LOW HITPOINT WARNING * * *
The seven-headed hydra bites you but does no damage.
The seven-headed hydra bites you.
* * * LOW HITPOINT WARNING * * *
The seven-headed hydra bites you!
* * * LOW HITPOINT WARNING * * *
You scratch the seven-headed hydra.
The seven-headed hydra is almost dead.
You catch the helpless seven-headed hydra completely off-guard!
You claw the seven-headed hydra!
The seven-headed hydra is almost dead.
The seven-headed hydra closely misses you. x2
The seven-headed hydra bites you.
* * * LOW HITPOINT WARNING * * *
The seven-headed hydra bites you!
You die...

#######
##.##..##
#.#..##.#
#.#.###.#
##.@#####
###
#.##D#.##
..#
#[###.#.#
#.#
#####.###
#.#
#.....#
#.#
####.#####
#.# #....#
#.#
##.####
#.# #..#


You could see a seven-headed hydra (blind).

Vanquished Creatures
  Joseph (D:7)
  Maggie (D:7)
  A wyvern (D:8)
  A shadow (D:8)
  4 vampire mosquitoes (D:5)
  2 ice beasts
  2 black bears
  2 sky beasts
  3 centaurs
  A scorpion (D:6)
  4 wights (D:8)
  19 killer bees
  A howler monkey (D:7)
  2 hounds
  4 jellies
  3 orc priests
  6 iguanas
  5 orc wizards
  6 gnolls
  5 adders
  4 white imps
  2 ufetubi
  2 worms
  4 dart slugs
  13 orcs
  6 bats
  5 endoplasms
  2 giant cockroaches
  7 goblins
  5 hobgoblins
  2 jackals (D:2)
  2 quokkas
  8 ball pythons
  2 frilled lizards
  3 kobolds
  5 rats
145 creatures vanquished.

Notes
Turn   | Place    | Note
-------+----------+-------------------------------------------
     0 | D:1      | Strat the Ghoul Enchanter began the quest for the Orb.
     0 | D:1      | Reached XP level 1. HP: 14/14 MP: 2/2
   162 | D:1      | Reached skill level 1 in Unarmed Combat
   175 | D:1      | Reached XP level 2. HP: 15/22 MP: 3/3
   334 | D:1      | Reached skill level 1 in Fighting
   712 | D:1      | Reached skill level 2 in Unarmed Combat
  1136 | D:2      | Reached XP level 3. HP: 23/28 MP: 4/4
  1628 | D:2      | Learned a level 2 spell: Ensorcelled Hibernation
  1761 | D:2      | Found a burning altar of Makhleb.
  1791 | D:2      | Became a worshipper of Makhleb the Destroyer
  2464 | D:3      | Found a burning altar of Makhleb.
  2612 | D:3      | Reached skill level 3 in Unarmed Combat
  2612 | D:3      | Reached XP level 4. HP: 30/36 MP: 5/5
  3720 | D:3      | Reached skill level 4 in Unarmed Combat
  3720 | D:3      | Reached XP level 5. HP: 12/42 MP: 6/6
  4422 | D:4      | Reached skill level 5 in Unarmed Combat
  4422 | D:4      | Reached XP level 6. HP: 20/51 MP: 7/7
  4736 | D:5      | Entered Level 5 of the Dungeon
  4832 | D:5      | Reached * piety under Makhleb
  4916 | D:5      | Found a radiant altar of Vehumet.
  4917 | D:5      | Noticed a water moccasin
  5025 | D:5      | You fall into a shaft and drop 1 floor!
  5090 | D:6      | Noticed a black bear
  5105 | D:6      | Killed a black bear
  5280 | D:6      | Found an ornate altar of the Wu Jian Council.
  5294 | D:6      | Found a basalt altar of Yredelemnul.
  5346 | D:6      | Reached skill level 6 in Unarmed Combat
  5419 | D:6      | Reached XP level 7. HP: 44/59 MP: 8/8
  5631 | D:6      | Found an opulent altar of Gozag.
  5700 | D:6      | Found Yreyttus's Weapon Shoppe.
  5771 | D:6      | Reached skill level 7 in Unarmed Combat
  5872 | D:6      | Reached skill level 1 in Armour
  5877 | D:6      | Reached skill level 5 in Fighting
  6113 | D:6      | Found a shimmering altar of Xom.
  6223 | D:5      | Found a staircase to the Ecumenical Temple.
  6265 | D:5      | Found Dioh Bown's Antique Armour Shoppe.
  6466 | D:5      | Reached XP level 8. HP: 68/68 MP: 9/9
  6579 | D:5      | Reached skill level 8 in Unarmed Combat
  6795 | D:5      | Reached skill level 9 in Unarmed Combat
  6814 | D:5      | Reached ** piety under Makhleb
  6815 | D:5      | Reached XP level 9. HP: 17/74 MP: 10/10
  7097 | D:5      | Reached skill level 10 in Unarmed Combat
  7580 | D:7      | Found Yfurph's Book Emporium.
  7959 | D:7      | Reached skill level 5 in Armour
  8351 | D:7      | Reached skill level 1 in Invocations
  8476 | D:7      | Noticed Joseph
  8603 | D:7      | Noticed Maggie
  8607 | D:7      | Killed Joseph
  8620 | D:7      | Killed Maggie
  9475 | D:8      | Reached XP level 10. HP: 84/84 MP: 12/12
  9569 | D:8      | Noticed a two-headed ogre
  9572 | D:8      | Reached skill level 11 in Unarmed Combat
  9752 | D:8      | Reached *** piety under Makhleb
  9753 | D:8      | Reached skill level 5 in Invocations
  9886 | D:8      | Noticed a seven-headed hydra
  9888 | D:8      | Noticed a boulder beetle
 10537 | D:8      | Slain by a seven-headed hydra

Illustrated notes

Levels and vault maps discovered:
D:1:      elethiomel_arrival_maze, layout_basic
D:2:      layout_basic, basic_altar
D:3:      layout_loops_ring, mainiacjoe_overflow_brackets
D:4:      layout_cave_pools
D:5:      layout_gridville, nicolae_vehumet_radiance, temple_hall, serial_shops,
          nicolae_shop_overgrown_old_shop, corner_web_ring,
          dreamdust_wishing_well
D:6:      layout_basic, mainiacjoe_overflow_big_doors,
          mainiacjoe_overflow_paths, nicolae_gozag_seed_capital,
          mainiacjoe_overflow_catwalk, serial_shops, nicolae_stop_n_shop_1,
          hangedman_decor_clover_reticule, kennysheep_minor_cross
D:7:      layout_gridville, minivault_25, nicolae_inconvenience_store,
          uniq_maggie, uniq_joseph
D:8:      minmay_cornered_nines, layout_loops_ring

Skill      XL: |  1  2  3  4  5  6  7  8  9 10 |
---------------+-------------------------------+-----
Unarmed Combat | 1 2 3 4 5 6 7 9 10 11 | 11.3
Fighting       | 1 2 3 4 5 6 7 |  7.4
Armour         | 1 4 5 |  5.0
Invocations    | 4 5 |  5.2
Short Blades   | |  0.8
Dodging        | |  1.7
Stealth        | |  3.2
Spellcasting   | |  1.7
Hexes          | |  2.4

Action                   |  1- 3 |  4- 6 |  7- 9 | 10-12 || total
-------------------------+-------+-------+-------+-------++-------
Melee: Dagger            |   122 |       |       |       ||   122
       Punch             |     4 |     3 |     9 |     1 ||    17
       Unarmed           |    83 |   156 |   242 |   105 ||   586
Invok: Lesser Servant of |       |       |       |     1 ||     1
Evoke: Wand              |       |       |       |     3 ||     3
  Use: Scroll            |       |    12 |     3 |     2 ||    17
       Potion            |       |     5 |     1 |     3 ||     9
 Stab: Invisible         |       |     1 |       |     1 ||     2
Armor: Ring mail         |    73 |    83 |    80 |       ||   236
       Chain mail        |       |       |    27 |    70 ||    97
Dodge: Dodged            |   110 |    88 |   140 |    62 ||   400
